 Dungeon Crawl Stone Soup version 0.31-a0-430-gf8416d7 (webtiles) character file.

Game seed: 1488940792447891724

107 Dorkslayer the Insei (level 4, -2/28 HPs)
             Began as an Octopode Shapeshifter on July 30, 2023.
             Slain by Grinder (6 damage)
             ... while paralysed by Grinder
             ... on level 3 of the Dungeon.
             The game lasted 00:09:20 (2363 turns).

Dorkslayer the Insei (Octopode Shapeshifter)        Turns: 2363, Time: 00:09:20

Health: -2/28      AC:  1    Str: 14    XL:     4   Next: 85%
Magic:  4/4        EV:  2    Int: 10    God:
Gold:   177        SH:  0    Dex: 14    Spells: 3/3 levels left

rFire   . .          .
                       - Unarmed
rCold   . . .        (no shield)
rNeg    . . .        (helmet currently unavailable)
rPois   .            (no amulet)
rElec   .            (no ring)
rCorr   .            (no ring)
SInv    .            (no ring)
Will    .....        (no ring)
Stlth   +++          (no ring)
HPRegen 0.24/turn    (no ring)
MPRegen 0.09/turn    (no ring)
                     (no ring)

%: no passive effects
@: paralysed, beast-form
A: beast (slay +2), almost no armour, amphibious, 8 rings, camouflage 1,
gelatinous body 1, (nimble swimmer 1), tentacles
a: Begin Untransformation


You were on level 3 of the Dungeon.
You were a hulking beast.
You visited 1 branch of the dungeon, and saw 3 of its levels.

You collected 177 gold pieces.

Inventory:

Talismans
 b - a beast talisman (active)
Scrolls
 e - a scroll of teleportation
 g - 2 scrolls of identify
 i - 2 scrolls of brand weapon {unknown}
Potions
 a - 2 potions of lignification
 c - a potion of heal wounds
 d - a potion of cancellation
 f - a potion of curing {unknown}
 h - a potion of mutation {unknown}
 j - a potion of berserk rage {unknown}


   Skills:
 + Level 1.0 Fighting
 + Level 2.3 Dodging
 + Level 2.5 Stealth
 + Level 3.9 Unarmed Combat
 + Level 3.7 Shapeshifting


You had 3 spell levels left.
You didn't know any spells.
Your spell library contained the following spells:

 Spells                   Type           Power      Damage    Failure   Level
 Tukima's Dance           Hex            0%         N/A       75%         3
 Passage of Golubria      Tloc           0%         N/A       98%         4
 Yara's Violent Unravell  Hex/Tmut       0%         3d3       100%        5


Dungeon Overview and Level Annotations

Branches:
Dungeon (3/15)

Altars:
Zin

Annotations:
D:3 Grinder


Innate Abilities, Weirdness & Mutations

You are a hulking beast.
Your limbs bulge with bestial killing power. (Slay +2)
You cannot wear most types of armour.
You are amphibious.
You can wear up to eight rings at the same time.
Your skin changes colour to match your surroundings (Stealth+).
Your rubbery body absorbs attacks. (AC +1, EV +1)
((You are camouflaged when in or above water. (Stealth+)))
You have tentacles for arms and can constrict up to eight enemies at once.


Message History

There is a faded altar of an unknown god here.
This altar belongs to (a) the Shining One, (b) Cheibriados or (c) Dithmenos, but you can't tell which.
Press the corresponding letter to learn more about a god, or press enter to convert or escape to cancel.
Okay, then.
You enter the shallow water.
You enter the shallow water.
You enter the shallow water.
A goblin comes into view. It is wielding a +0 club.
Grinder comes into view.
The goblin barely misses you.
You closely miss the goblin. Your grab misses the goblin.
You squeeze the goblin.
You kill the goblin!
You hear a shout!
You tentacle-slap Grinder. Your grab misses Grinder.
Grinder is lightly wounded.
Grinder hits you.
You writhe in agony.
You barely miss Grinder. Your grab misses Grinder.
Grinder is lightly wounded.
Grinder closely misses you.
You barely miss Grinder. You grab Grinder.
Grinder is lightly wounded.
You constrict Grinder. Grinder completely misses you.
You tentacle-slap Grinder.
Grinder is moderately wounded.
You constrict Grinder, but do no damage.
Grinder hits you.
You tentacle-slap Grinder.
Grinder is moderately wounded.
You constrict Grinder. Grinder hits you!
You writhe in agony.
You tentacle-slap Grinder but do no damage.
Your squeeze misses Grinder.
Grinder is moderately wounded.
You constrict Grinder, but do no damage.
Grinder gestures at you.
You suddenly lose the ability to move!
You lose your grip on Grinder.
Grinder hits you.
You writhe in agony.
* * * LOW HITPOINT WARNING * * *
Grinder says, "What is the universe for?"
Grinder hits you.
You die...

######## #### .......# #..###
.......# ###############....#
~####..#######...##...<......##..
~.PP#............##.############.
.†P.#..#######..h# ## .~P##..#
###.5.# ######## P~.#...#
#.............. P~.#...# #.######
..... .~##...# #.# .... ~P#....#
.....#..# #.## .##.#### ......##
#######..#### .##..# ...!..
.......†..... P###.# .....#
#########.....


You could see Grinder.

Vanquished Creatures
  3 gnolls (D:3)
  An adder (D:3)
  2 worms (D:2)
  An orc (D:3)
  2 ball pythons
  8 endoplasms
  2 giant cockroaches (D:1)
  2 goblins
  5 hobgoblins
  2 jackals (D:1)
  7 quokkas
  6 bats
  4 frilled lizards
  6 kobolds
  11 rats
62 creatures vanquished.

Notes
Turn   | Place    | Note
-------+----------+-------------------------------------------
     0 | D:1      | Dorkslayer the Octopode Shapeshifter began the quest for
                  | the Orb.
     0 | D:1      | Reached XP level 1. HP: 13/13 MP: 1/1
   118 | D:1      | Reached XP level 2. HP: 18/18 MP: 2/2
   369 | D:1      | Reached XP level 3. HP: 23/23 MP: 3/3
   642 | D:1      | Reached skill level 1 in Stealth
  1598 | D:3      | Reached XP level 4. HP: 21/28 MP: 4/4
  2176 | D:3      | Found a glowing silver altar of Zin.
  2324 | D:3      | Found a faded altar of an unknown god.
  2352 | D:3      | Noticed Grinder
  2361 | D:3      | Paralysed by Grinder for 4 turns
  2363 | D:3      | Slain by Grinder

Illustrated notes

Levels and vault maps discovered:
D:1:      dpeg_arrival_ternary, layout_basic, st_stairs_9,
          nicolae_concentric_dashed_squares_wild, chequers_serial_rivers_micro_c
D:2:      layout_basic, st_stairs_9, minmay_rat_gold_closets
D:3:      layout_rooms, mainiacjoe_overflow_brackets,
          shapermc_ecumenical_altar_hornbeckon, uniq_grinder

Skill      XL: |  1  2  3 |
---------------+----------+-----
Stealth        | 2 |  2.5
Fighting       | |  1.0
Dodging        | |  2.3
Unarmed Combat | |  3.9
Shapeshifting  | |  3.7

Action                     |  1- 3 |  4- 6 || total
---------------------------+-------+-------++-------
  Melee: Unarmed           |    68 |    38 ||   106
         Constrict         |    18 |     8 ||    26
         Tentacles         |    16 |     6 ||    22
         Punch             |     4 |       ||     4
    Use: Scroll            |     3 |     3 ||     6
   Stab: Sleeping          |     9 |     9 ||    18
 Armour: Skin              |     2 |     2 ||     4
  Dodge: Dodged            |    40 |    18 ||    58

Table legend: (Time is in decaauts)
 A = Elapsed time spent in this place.
 B = Non-inter-level travel time spent in this place.
 C = Inter-level travel time spent in this place.
 D = Time resting spent in this place.
 E = Time spent auto-exploring this place.
 F = Levels seen in this place.
 G = Mean time per level.
                   A        B        C        D        E       F      G
               +--------+--------+--------+--------+--------+-----+--------+
         Total |   2355 |   2355 |      0 |    100 |   1400 |   3 |  785.0 |
       Dungeon |   2355 |   2355 |      0 |    100 |   1400 |   3 |  785.0 |
               +--------+--------+--------+--------+--------+-----+--------+

Top non-repeatable levels by time:
     D:2: 1008 daAuts
     D:1: 874 daAuts
     D:3: 472 daAuts
